 Dungeon Crawl Stone Soup version 0.31-a0-986-g5e6e4ef867 (webtiles) character file.

Game seed: 7389910305864039427

192992 pokeman the Sorcerer (level 17, -7/100 HPs)
             Began as a Deep Elf Hedge Wizard on Nov 10, 2023.
             Was the Champion of Vehumet.
             Killed from afar by Nikola (34 damage)
             ... with a bolt of lightning
             ... on level 3 of the Spider Nest on Nov 11, 2023.
             The game lasted 01:34:16 (38924 turns).

pokeman the Sorcerer (Deep Elf Hedge Wizard)       Turns: 38924, Time: 01:34:16

Health: -7/100     AC: 16    Str:  7    XL:     17   Next: 63%
Magic:  58/58      EV: 12    Int: 28    God:    Vehumet [******]
Gold:   2953       SH:  0    Dex: 14    Spells: 18/68 levels left

rFire   + . .        c - +2 trident (venom)
rCold   x . .        (no shield)
rNeg    . . .        E - +2 leather armour {rPois}
rPois   +            N - +2 helmet {SInv}
rElec   .            s - +0 cloak
rCorr   .            J - +2 pair of gloves
SInv    +            p - +1 pair of boots
Will    +....        L - amulet of magic regeneration
Stlth   ++           f - ring of magical power
HPRegen 0.36/turn    g - ring of fire
MPRegen 0.76/turn

%: no passive effects
@: no status effects
A: no striking features
}: 1/15 runes: barnacled
a: Renounce Religion


You were on level 3 of the Spider Nest.
You worshipped Vehumet.
Vehumet was exalted by your worship.
You visited 6 branches of the dungeon, and saw 30 of its levels.
You also visited: Gauntlet.

You collected 3613 gold pieces.
You spent 660 gold pieces at shops.

Inventory:

Hand Weapons
 c - a +2 trident of venom (weapon)
Missiles
 H - 10 throwing nets
 K - 15 curare-tipped darts
Armour
 p - a +1 pair of boots (worn)
 q - a +2 robe of resistance
 s - a +0 cloak (worn)
 E - a +2 leather armour of poison resistance (worn)
 J - a +2 pair of gloves (worn)
 M - quicksilver dragon scales
 N - a +2 helmet of see invisible (worn)
Magical Staves
 W - a staff of cold
Jewellery
 e - the amulet of the Chewing Priest {Spirit +Inv rC+}
   (You found it on level 5 of the Lair of Beasts)

   [amulet of guardian spirit]

   Spirit:    It causes incoming damage to be divided between your reserves of
   health and magic.
   rC+:       It protects you from cold.
   +Inv:      It lets you turn invisible.
 f - a ring of magical power (left hand)
 g - a ring of fire (right hand)
 l - the ring of Murr {Fly rPois Str-4 Int+6}
   (You took it off a minotaur in a Gauntlet)

   [ring of intelligence]

   Str-4:     It affects your strength (-4).
   Int+6:     It affects your intelligence (+6).
   rPois:     It protects you from poison Fly: It grants you flight.
 n - a ring of ice
 o - a ring of protection from cold
 L - an amulet of magic regeneration (around neck)
 Q - a ring of fire
Wands
 a - a wand of flame (15)
 b - a wand of iceblast (27)
 v - a wand of polymorph (8)
 S - a wand of acid (6)
 X - a wand of digging (4)
Scrolls
 h - a scroll of summoning
 k - a scroll of amnesia
 m - a scroll of revelation
 r - 3 scrolls of identify
 t - a scroll of acquirement
 u - 2 scrolls of fear
 x - 13 scrolls of teleportation
 y - 4 scrolls of blinking
Potions
 d - 2 potions of magic
 i - 17 potions of curing
 j - 7 potions of heal wounds
 w - 2 potions of haste
 F - 2 potions of resistance
 I - 2 potions of attraction
 T - a potion of brilliance


   Skills:
 + Level 9.0 Fighting
 - Level 9.0 Armour
 - Level 3.0 Dodging
 - Level 3.0 Stealth
 - Level 1.2 Shields
 * Level 26.2 Spellcasting
 + Level 16.2 Conjurations
 - Level 1.1 Summonings
 - Level 1.1 Necromancy
 - Level 1.1 Translocations
 - Level 1.0 Transmutations
 + Level 14.6 Fire Magic
 - Level 1.1 Ice Magic
 - Level 1.1 Air Magic
 - Level 2.0 Earth Magic
 - Level 1.0 Poison Magic
 - Level 1.0 Evocations


You had 18 spell levels left.
You knew the following spells:

 Your Spells              Type           Power      Damage    Failure   Level
a - Magic Dart            Conj           100%       1d8       0%          1
b - Mephitic Cloud        Conj/Pois/Air  63%        N/A       1%          3
c - Call Imp              Summ           84%        N/A       1%          2
d - Blink                 Tloc           84%        N/A       1%          2
e - Fireball              Conj/Fire      55%        3d21      1%          5
f - Freezing Cloud        Conj/Ice/Air   31%        6-21      1%          5
g - Iskenderun's Battles  Conj           91%        2d14      1%          5
h - Ignite Poison         Fire/Tmut/Pois 80%        N/A       1%          3
i - Irradiate             Conj/Tmut      35%        3d23      1%          5
j - Orb of Destruction    Conj           45%        9d12      1%          7
k - Bombard               Conj/Erth      36%        9d6       1%          6
l - Starburst             Conj/Fire      55%        6d15      1%          6

Your spell library contained the following spells:

 Spells                   Type           Power      Damage    Failure   Level
 Ozocubu's Refrigeration  Ice            21%        4d12      77%         7
 Foxfire                  Conj/Fire      100%       2x1d9     0%          1
 Apportation              Tloc           84%        N/A       1%          1
 Freeze                   Ice            100%       1d10      1%          1
 Necrotise                Necr           100%       1d9       1%          1
 Slow                     Hex            100%       N/A       1%          1
 Summon Small Mammal      Summ           100%       N/A       1%          1
 Cigotuvi's Dreadful Rot  Necr/Pois/Air  84%        N/A       1%          2
 Wereblood                Tmut           42%        N/A       1%          2
 Call Canine Familiar     Summ           42%        N/A       1%          3
 Dazzling Flash           Conj/Hex       100%       N/A       1%          3
 Frozen Ramparts          Ice            86%        1d13      1%          3
 Hailstorm                Conj/Ice       71%        3d15      1%          3
 Volatile Blastmotes      Fire/Tloc      100%       2d18      1%          3
 Brom's Barrelling Bould  Conj/Erth      73%        2d9       1%          4
 Fulminant Prism          Conj/Hex       35%        3d18      1%          4
 Conjure Ball Lightning   Conj/Air       35%        3x3d11    1%          6
 Sigil of Binding         Hex            36%        N/A       3%          3
 Dispel Undead            Necr           43%        3d17      6%          4
 Leda's Liquefaction      Hex/Erth       21%        N/A       7%          4
 Manifold Assault         Tloc           42%        N/A       7%          4
 Dimensional Bullseye     Hex/Tloc       19%        N/A       9%          4
 Borgnjor's Vile Clutch   Necr/Erth      22%        N/A       16%         5
 Agony                    Necr           43%        N/A       19%         5
 Alistair's Intoxication  Tmut/Pois      28%        N/A       19%         5
 Silence                  Hex/Air        19%        N/A       22%         5
 Eringya's Noxious Bog    Tmut/Pois      21%        4d6       26%         6
 Death Channel            Necr           21%        N/A       69%         6
 Dispersal                Tloc           21%        N/A       71%         6
 Disjunction              Tloc           21%        N/A       100%        8
 Maxwell's Capacitive Co  Air            21%        ∞         100%        8


Dungeon Overview and Level Annotations

Branches:
Dungeon (15/15)            Temple (1/1) D:4            Lair (5/5) D:9
 Shoals (4/4) Lair:3       Spider (3/4) Lair:3        Slime (0/5) Lair:5
    Orc (2/2) D:9             Elf (0/3) Orc:2        Vaults (0/5) D:13
 Depths (0/4) D:15        Gauntlet (visited)

Altars:
Ashenzari
Cheibriados
Dithmenos
Elyvilon
Fedhas
Gozag
Hepliaklqana
Kikubaaqudgha
Makhleb
Nemelex Xobeh
Okawaru
Qazlal
Ru
Sif Muna
Trog
Uskayaw
Vehumet
Wu Jian
Xom
Yredelemnul
Zin
The Shining One
Jiyva

Shops:
D:3 !   D:4 [   Orc:1 =   Orc:2 ((*=   Shoals:2 (   Shoals:3 !   Shoals:4 ?

Annotations:
D:3 Gold behind rock
Lair:5 1 runed translucent door
Spider:3 Nikola


Message History

The ball explodes into a vile cloud!
The stinking cloud engulfs Nikola but does no damage.
Nikola is engulfed in noxious fumes.
Unknown command.
Unknown command.
A wolf spider comes into view.
Nikola is engulfed in noxious fumes.
Nikola gestures wildly while chanting.
Lightning arcs from Nikola's hands!
The bolt of lightning hits the wolf spider!!!
The bolt of lightning hits Nikola!
You hear an angry squeal.
You hear a faint skittering sound.
You hear a shout!
A redback comes into view.
A wolf spider comes into view.
Nikola is engulfed in noxious fumes.
Nikola casts a spell.
Lightning arcs from Nikola's hands!
The bolt of lightning hits the wolf spider!!!!
The wolf spider dies!
A bolt of lightning appears from out of thin air!
The bolt of lightning hits Nikola.
The bolt of lightning hits the wolf spider!!!
The wolf spider dies!
The bolt of lightning hits you!!
* * * LOW HITPOINT WARNING * * *
A bolt of lightning appears from out of thin air!
The bolt of lightning hits the redback!!
The redback dies!
A bolt of lightning appears from out of thin air!
You hear an angry squeal. x2
Unknown command.
A jorogumo comes into view.
Nikola is engulfed in noxious fumes.
Nikola appears confused.
Nikola is engulfed in noxious fumes.
Nikola hits himself with a +4 rapier of electrocution!!
You hear a shout!
Nikola seems less confused.
Nikola yells, "Danger!
Danger!
High voltage!"
Nikola points at you and mumbles some strange words.
The bolt of lightning hits you!!
You die...

####..###.........#
#..#..#.#..........
#.......#..........
#.......#.........#####
##.###.....########^..#
###^.................##
#^##.......††.........#
.#^.#(...@.......^..<.##
^#..#.......##..@..^..#
.#..#...##.^.########.#
.#..#....#####^.....###
.#..................
...................^
...^...........^...#
....################
...H..... .......>.


You could see Nikola.

Vanquished Creatures
  Mlioglotl (Shoals:1)
  Jorgrun (D:14)
  Frances (Shoals:1)
  A kraken (Shoals:1)
  Aizul (Spider:2)
  2 emperor scorpions (Spider:2)
  A frost giant (D:15)
  A ghost moth (Spider:2)
  2 spark wasps (Spider:2)
  A minotaur (Gauntlet)
  9 merfolk impalers
  8 merfolk javelineers (Shoals:4)
  4 entropy weavers
  Josephine (D:11)
  Harold (D:11)
  9 hydras
  2 jorogumos (Spider:1)
  4 catoblepae
  4 ogre magi (Orc:2)
  4 centaur warriors
  Erica (Lair:1)
  4 merfolk avatars
  3 boulder beetles
  2 satyrs (Shoals:2)
  5 tengu warriors
  14 two-headed ogres
  2 alligator snapping turtles
  4 death yaks
  9 merfolk aquamancers
  An orc high priest (Orc:2)
  Urug (D:11)
  10 demonic crawlers
  6 skeletal warriors (D:15)
  9 skysharks
  A pharaoh ant (Spider:1)
  11 sea snakes
  3 orb spiders
  13 harpies
  An orc knight (Orc:2)
  5 steelbarb worms
  A necromancer (D:13)
  14 ugly things
  A deep elf pyromancer (D:15)
  An orc sorcerer (Orc:1)
  2 cyclopes
  7 fauns
  19 manticores
  10 wolf spiders
  An oklob plant (Lair:4)
  5 merfolk sirens
  2 moths of wrath (Spider:2)
  3 elephants (Lair:3)
  Maurice (D:8)
  4 black mambas
  A water nymph (Shoals:1)
  A smoke demon (Gauntlet)
  A gargoyle (D:11)
  7 torpor snails
  2 kobold demonologists
  7 komodo dragons
  8 cane toads
  3 rime drakes
  A freezing wraith (D:14)
  18 merfolk
  3 meliai (D:15)
  4 wind drakes
  8 trolls
  A wolf spider simulacrum (Gauntlet)
  14 blink frogs
  2 hornets (Gauntlet)
  13 tarantellas
  9 snapping turtles
  9 dream sheep
  A centaur simulacrum (Gauntlet)
  16 culicivoras
  84 yaks
  8 water elementals
  7 jumping spiders
  A shadow (D:10)
  3 wyverns
  2 vampires
  Eustachio (D:6)
  4 wraiths
  4 basilisks
  8 vampire mosquitoes
  2 steam dragons
  28 redbacks
  A harpy simulacrum (Gauntlet)
  Edmund (D:6)
  8 water moccasins
  4 acid dragons
  12 orc warriors
  3 sky beasts
  2 ice beasts
  2 black bears
  26 ogres
  20 wolves
  16 centaurs
  The ghost of LeprechaunX the Changeling, an amateur OpSh (D:3)
  A phantom (D:4)
  18 kobold brigands
  14 bullfrogs
  2 gnoll sergeants
  3 scorpions
  A hornet simulacrum (Gauntlet)
  4 wights
  9 killer bees
  6 howler monkeys
  8 electric eels
  3 crimson imps (Gauntlet)
  Crazy Yiuf (D:2)
  2 jellies
  14 orc priests
  3 hounds
  4 sleepcaps
  An iguana (shapeshifter) (D:14)
  3 iguanas
  12 orc wizards
  5 hell rats (Lair:1)
  A boggart simulacrum (Gauntlet)
  6 gnolls
  4 adders
  5 river rats (D:6)
  2 shadow imps (D:6)
  3 white imps
  3 worms
  A dart slug (D:3)
  57 orcs
  4 ball pythons
  9 endoplasms
  4 giant cockroaches
  4 goblins
  6 hobgoblins
  15 kobolds
  8 quokkas
  7 bats
  A frilled lizard (D:2)
  22 rats
  2 tentacles (Shoals:1)
889 creatures vanquished.

Vanquished Creatures (collateral kills)
  A centaur (D:9)
  2 sleepcaps
  A quokka (D:6)
  A rat (D:6)
5 creatures vanquished.

Vanquished Creatures (others)
  2 wolf spiders (Spider:3)
  A culicivora (Spider:3)
  A redback (Spider:3)
  6 tentacles (Shoals:1)
10 creatures vanquished.

Grand Total: 904 creatures vanquished

Notes
Turn   | Place    | Note
-------+----------+-------------------------------------------
     0 | D:1      | pokeman the Deep Elf Hedge Wizard began the quest for the
                  | Orb.
     0 | D:1      | Reached XP level 1. HP: 10/10 MP: 7/7
   286 | D:1      | Reached XP level 2. HP: 13/15 MP: 0/9
  1095 | D:2      | Reached skill level 5 in Spellcasting
  1359 | D:2      | Found a runed translucent door.
  1360 | D:2      | Noticed Crazy Yiuf
  1399 | D:2      | Reached XP level 3. HP: 20/20 MP: 6/11
  1403 | D:2      | Learned a level 3 spell: Mephitic Cloud
  1406 | D:2      | Learned a level 2 spell: Call Imp
  1409 | D:2      | Learned a level 2 spell: Blink
  1836 | D:2      | Reached skill level 1 in Fighting
  2142 | D:2      | Killed Crazy Yiuf
  2143 | D:2      | Reached skill level 1 in Armour
  2143 | D:2      | Reached XP level 4. HP: 14/25 MP: 5/13
  2498 | D:3      | Found a runed translucent door.
  2586 | D:3      | Found a runed translucent door.
  2587 | D:3      | Noticed LeprechaunX's ghost (amateur OpSh)
  2713 | D:3      | Reached skill level 6 in Spellcasting
  2961 | D:3      | Found Ychor's Distillery.
  2973 | D:3      | Reached XP level 5. HP: 29/29 MP: 8/15
  3023 | D:3      | Bought a potion of curing for 33 gold pieces
  3023 | D:3      | Bought a potion of heal wounds for 55 gold pieces
  3023 | D:3      | Bought a potion of curing for 33 gold pieces
  3023 | D:3      | Bought a potion of degeneration for 11 gold pieces
  3124 | D:3      | Learned a level 5 spell: Irradiate
  3440 | D:4      | Found Xuadunemmona's Armour Emporium.
  3459 | D:4      | Noticed a phantom
  3465 | D:4      | Found a staircase to the Ecumenical Temple.
  3470 | D:4      | Killed a phantom
  3471 | D:4      | Reached skill level 1 in Poison Magic
  3475 | Temple   | Entered the Ecumenical Temple
  3546 | Temple   | Became a worshipper of Vehumet
  3726 | D:4      | Reached skill level 1 in Transmutations
  3992 | D:5      | Entered Level 5 of the Dungeon
  4028 | D:5      | Reached skill level 1 in Air Magic
  4028 | D:5      | Reached XP level 6. HP: 33/34 MP: 4/17
  4188 | D:4      | Reached skill level 7 in Spellcasting
  4476 | D:5      | Found a sacrificial altar of Ru.
  4600 | D:5      | Reached XP level 7. HP: 14/39 MP: 11/20
  4719 | D:5      | Found a basalt altar of Yredelemnul.
  4773 | D:5      | Reached skill level 8 in Spellcasting
  5642 | D:6      | Noticed Edmund
  5663 | D:6      | Killed Edmund
  5679 | D:6      | Reached * piety under Vehumet
  5679 | D:6      | Offered knowledge of Kiss of Death by Vehumet.
  5782 | D:6      | Reached skill level 9 in Spellcasting
  5832 | D:6      | Noticed Eustachio
  5847 | D:6      | Killed Eustachio
  5848 | D:6      | Reached XP level 8. HP: 38/44 MP: 23/23
  5874 | D:6      | Reached skill level 5 in Conjurations
  5924 | D:6      | Reached skill level 10 in Spellcasting
  6117 | D:6      | Offered knowledge of Shock by Vehumet.
  6204 | D:6      | Reached ** piety under Vehumet
  6765 | D:7      | Reached skill level 11 in Spellcasting
  6959 | D:7      | Reached XP level 9. HP: 51/51 MP: 24/26
  7827 | D:3      | Killed LeprechaunX's ghost
  8003 | D:8      | Noticed a troll
  8186 | D:8      | Noticed Maurice
  8467 | D:8      | Reached skill level 12 in Spellcasting
  8510 | D:8      | Found an opulent altar of Gozag.
  8580 | D:8      | Killed Maurice
  8663 | D:8      | Killed a troll
  8782 | D:8      | Reached skill level 13 in Spellcasting
  9423 | D:8      | Found a bloodstained altar of Trog.
  9427 | D:8      | Found a shadowy altar of Dithmenos.
  9433 | D:8      | Learned a level 3 spell: Ignite Poison
  9439 | D:8      | Learned a level 5 spell: Freezing Cloud
  9783 | D:9      | Reached skill level 1 in Necromancy
  9794 | D:9      | Reached skill level 1 in Evocations
  9908 | D:9      | Reached skill level 1 in Fire Magic
  9908 | D:9      | Reached skill level 1 in Ice Magic
  9908 | D:9      | Reached XP level 10. HP: 36/58 MP: 29/29
  9915 | D:9      | Offered knowledge of Volatile Blastmotes by Vehumet.
 10281 | D:9      | Reached *** piety under Vehumet
 10282 | D:9      | Reached skill level 14 in Spellcasting
 10352 | D:9      | You fall into a shaft and drop 3 floors!
 10523 | D:11     | Noticed a gargoyle
 10532 | D:11     | Killed a gargoyle
 10630 | D:11     | Noticed Urug
 10647 | D:11     | Killed Urug
 10854 | D:11     | Noticed a green ugly thing
 10859 | D:11     | Killed a green ugly thing
 10909 | D:11     | Noticed a cyclops
 10920 | D:11     | Killed a cyclops
 11017 | D:10     | Entered Level 10 of the Dungeon
 11040 | D:10     | Reached skill level 15 in Spellcasting
 11041 | D:10     | Offered knowledge of Iskenderun's Mystic Blast by Vehumet.
 11150 | D:10     | Reached XP level 11. HP: 58/62 MP: 28/32
 11324 | D:9      | Found a staircase to the Orcish Mines.
 11495 | D:9      | Reached **** piety under Vehumet
 11692 | D:9      | Found a staircase to the Lair.
 12003 | D:10     | Reached skill level 5 in Armour
 12451 | D:11     | Noticed Josephine
 12457 | D:11     | Killed Josephine
 12458 | D:11     | Reached skill level 5 in Fire Magic
 12768 | D:11     | Learned a level 5 spell: Fireball
 12774 | D:11     | Learned a level 5 spell: Iskenderun's Battlesphere
 12791 | D:11     | Learned a level 7 spell: Orb of Destruction
 12811 | D:11     | Noticed Harold
 12817 | D:11     | Killed Harold
 12817 | D:11     | Offered knowledge of Arcjolt by Vehumet.
 12831 | D:11     | Reached skill level 16 in Spellcasting
 12959 | D:11     | Noticed a two-headed ogre
 12967 | D:11     | Killed a two-headed ogre
 13127 | D:11     | Noticed a purple ugly thing
 13138 | D:11     | Killed a purple ugly thing
 14509 | D:12     | Reached skill level 10 in Conjurations
 14786 | D:13     | Noticed a purple ugly thing
 14791 | D:13     | Killed a purple ugly thing
 14792 | D:13     | Reached skill level 17 in Spellcasting
 14792 | D:13     | Noticed a four-headed hydra
 14836 | D:13     | Noticed a brown ugly thing
 14847 | D:12     | HP: 2/62 [acid (7)]
 14849 | D:12     | Killed a brown ugly thing
 14850 | D:12     | Reached XP level 12. HP: 3/67 MP: 4/35
 15139 | D:13     | Found a gate to the Vaults.
 15362 | D:13     | Noticed a seven-headed hydra
 15366 | D:13     | Killed a seven-headed hydra
 15652 | D:13     | Noticed a centaur warrior
 15655 | D:13     | Killed a centaur warrior
 15655 | D:13     | Reached ***** piety under Vehumet
 15655 | D:13     | Offered knowledge of Plasma Beam by Vehumet.
 15656 | D:13     | Reached skill level 5 in Fighting
 15693 | D:13     | Killed a four-headed hydra
 16228 | D:14     | Noticed Jorgrun
 16409 | D:14     | Reached skill level 18 in Spellcasting
 16707 | D:14     | Noticed a tengu warrior
 16712 | D:14     | Killed a tengu warrior
 16723 | D:14     | Killed Jorgrun
 17049 | D:14     | Noticed a tengu warrior
 17050 | D:14     | Noticed a tengu warrior
 17054 | D:14     | Killed a tengu warrior
 17054 | D:14     | Killed a tengu warrior
 17389 | D:14     | Identified the +5 rapier of the Puffin {drain, rN+ Will+
                  | Str-5}
 18237 | D:15     | Entered Level 15 of the Dungeon
 18250 | D:15     | Noticed a centaur warrior
 18253 | D:15     | Killed a centaur warrior
 18397 | D:15     | Reached XP level 13. HP: 74/74 MP: 12/37
 18814 | Lair:1   | Entered Level 1 of the Lair of Beasts
 18814 | Lair:1   | Noticed Erica
 18822 | Lair:1   | Killed Erica
 18823 | Lair:1   | Reached skill level 19 in Spellcasting
 20515 | Lair:2   | Found a glowing golden altar of the Shining One.
 20995 | Lair:3   | Offered knowledge of Bombard by Vehumet.
 21003 | Lair:3   | Learned a level 6 spell: Bombard
 21134 | Lair:3   | Reached skill level 20 in Spellcasting
 21157 | Lair:3   | Found a staircase to the Shoals.
 21182 | Lair:3   | Found a gate leading to a gauntlet.
 21190 | Gauntlet | Entered a Gauntlet
 21190 | Gauntlet | Found a transporter.
 21200 | Gauntlet | Found a transporter.
 21215 | Gauntlet | Found a transporter.
 21219 | Gauntlet | Found a large runed translucent door.
 21219 | Gauntlet | Found a large runed translucent door.
 21219 | Gauntlet | Found a large runed translucent door.
 21219 | Gauntlet | Found a large runed translucent door.
 21220 | Gauntlet | Found a large runed translucent door.
 21221 | Gauntlet | Found a runed translucent door.
 21222 | Gauntlet | Found a transporter.
 21223 | Gauntlet | Found a runed translucent door.
 21224 | Gauntlet | Found a large runed translucent door.
 21224 | Gauntlet | Found a large runed translucent door.
 21224 | Gauntlet | Found a large runed translucent door.
 21225 | Gauntlet | Found a large runed translucent door.
 21226 | Gauntlet | Found a large runed translucent door.
 21232 | Gauntlet | Found a large runed translucent door.
 21232 | Gauntlet | Found a large runed translucent door.
 21233 | Gauntlet | Found a large runed translucent door.
 21233 | Gauntlet | Found a large runed translucent door.
 21233 | Gauntlet | Found a large runed translucent door.
 21235 | Gauntlet | Found a runed translucent gate.
 21235 | Gauntlet | Found a runed translucent gate.
 21235 | Gauntlet | Found a runed translucent gate.
 21237 | Gauntlet | Found a transporter.
 21248 | Gauntlet | Found a large runed translucent door.
 21256 | Gauntlet | Found a transporter.
 21286 | Gauntlet | Found a transporter.
 21291 | Gauntlet | Found a transporter.
 21293 | Gauntlet | Found a transporter.
 21316 | Gauntlet | Found a transporter.
 21322 | Gauntlet | Found a transporter.
 21339 | Gauntlet | Found a transporter.
 21354 | Gauntlet | Found a transporter.
 21362 | Gauntlet | Found a transporter.
 21400 | Gauntlet | Found a transporter.
 21402 | Gauntlet | Found a transporter.
 21430 | Gauntlet | Found a transporter.
 21432 | Gauntlet | Found a transporter.
 21793 | Gauntlet | Identified the +2 helmet of the Last Eyes {rN+}
 21831 | Gauntlet | Identified the ring of Murr {Fly rPois Str-4 Int+6}
 21831 | Gauntlet | Noticed a minotaur
 21834 | Gauntlet | Killed a minotaur
 22079 | Lair:3   | Reached skill level 1 in Earth Magic
 22199 | Lair:3   | Reached skill level 10 in Fire Magic
 22285 | Lair:3   | Found a hole to the Spider Nest.
 22623 | Lair:4   | Reached XP level 14. HP: 82/82 MP: 24/40
 23845 | Lair:5   | Entered Level 5 of the Lair of Beasts
 23852 | Lair:5   | Reached skill level 21 in Spellcasting
 24123 | Lair:5   | Offered knowledge of Spellforged Servitor by Vehumet.
 24516 | Lair:5   | Identified the +2 robe "Hiapenov" {Int+6 SInv Stlth+}
 25523 | Lair:5   | Found a runed translucent door.
 25582 | Lair:5   | Found a viscous altar of Jiyva.
 25582 | Lair:5   | Found a staircase to the Slime Pits.
 25582 | Lair:5   | Noticed an azure jelly
 25582 | Lair:5   | Noticed an azure jelly
 25582 | Lair:5   | Noticed an azure jelly
 25655 | Lair:5   | Identified the amulet of the Chewing Priest {Spirit +Inv
                  | rC+}
 26033 | Lair:5   | Reached skill level 22 in Spellcasting
 26609 | D:15     | Found a staircase to the Depths.
 26611 | D:15     | Noticed a frost giant
 26612 | D:15     | Reached XP level 15. HP: 76/88 MP: 22/43
 26614 | D:15     | Killed a frost giant
 27754 | Orc:1    | Entered Level 1 of the Orcish Mines
 27825 | Orc:1    | Found Goicw's Jewellery Boutique.
 28093 | Orc:2    | Entered Level 2 of the Orcish Mines
 28251 | Orc:2    | Offered knowledge of Starburst by Vehumet.
 28261 | Orc:2    | Learned a level 6 spell: Starburst
 28316 | Orc:2    | Found a shimmering altar of Xom.
 28556 | Orc:1    | Found a burning altar of Makhleb.
 28872 | Orc:2    | Reached skill level 23 in Spellcasting
 29188 | Orc:2    | Reached ****** piety under Vehumet
 29349 | Orc:2    | Found a staircase to the Elven Halls.
 29565 | Orc:2    | Found Raaguu's Assorted Antiques.
 29566 | Orc:2    | Found Qyrhaide's Jewellery Shoppe.
 29566 | Orc:2    | Found Muttoxkiry's Weapon Shop.
 29566 | Orc:2    | Found Ugguampo's Weapon Emporium.
 29868 | Spider:1 | Identified the of Xakhuk
 29868 | Shoals:1 | Entered Level 1 of the Shoals
 30024 | Lair:3   | Offered knowledge of Eringya's Noxious Bog by Vehumet.
 30381 | Shoals:1 | Found Feabewk's CLEARANCE SALE!.
 30390 | Shoals:1 | Bought a scroll of identify for 12 gold pieces
 30390 | Shoals:1 | Bought 2 potions of might for 48 gold pieces
 30390 | Shoals:1 | Bought a scroll of enchant weapon for 45 gold pieces
 30390 | Shoals:1 | Bought a scroll of identify for 12 gold pieces
 30414 | Shoals:1 | Noticed Mlioglotl
 30419 | Shoals:1 | Killed Mlioglotl
 30780 | Shoals:1 | Noticed a kraken
 30786 | Shoals:1 | Killed a kraken
 30905 | Shoals:1 | Reached XP level 16. HP: 93/93 MP: 30/45
 30917 | Shoals:1 | Noticed Frances
 31045 | Shoals:1 | Killed Frances
 31577 | Shoals:2 | Reached skill level 24 in Spellcasting
 32278 | Shoals:2 | Found Sighuole's Antique Weapon Shop.
 32326 | Shoals:2 | Reached skill level 15 in Conjurations
 33539 | Shoals:3 | Found Jetsous's Distillery.
 33547 | Shoals:3 | Bought a potion of curing for 51 gold pieces
 34461 | Shoals:4 | Entered Level 4 of the Shoals
 34477 | Shoals:4 | Offered knowledge of Yara's Violent Unravelling by Vehumet.
 35045 | Shoals:4 | Reached skill level 1 in Shields
 35191 | Shoals:4 | Found Pabefa's Magic Scroll Shop.
 35201 | Shoals:4 | Bought a scroll of teleportation for 48 gold pieces
 35201 | Shoals:4 | Bought a scroll of blinking for 120 gold pieces
 35201 | Shoals:4 | Bought a scroll of teleportation for 48 gold pieces
 35201 | Shoals:4 | Bought 3 scrolls of teleportation for 144 gold pieces
 35223 | Shoals:4 | Reached skill level 25 in Spellcasting
 35504 | Shoals:4 | Got a barnacled rune of Zot
 36371 | Spider:1 | Entered Level 1 of the Spider Nest
 36380 | Spider:1 | Reached XP level 17. HP: 33/97 MP: 48/48
 36389 | Spider:1 | HP: 4/97 [poisoned by a redback]
 37160 | Spider:1 | Offered knowledge of Ozocubu's Refrigeration by Vehumet.
 37630 | Spider:1 | Identified the +3 chain mail "Sagixobb" {rF++ Will+ Regen+
                  | Stlth+}
 37910 | Spider:2 | Identified the serpent talisman of Anaesthesia {rPois rC-
                  | rCorr Dex+4}
 37910 | Spider:2 | Noticed Aizul
 38033 | Spider:2 | Killed Aizul
 38034 | Spider:2 | Reached skill level 26 in Spellcasting
 38241 | Spider:2 | Identified a scroll of acquirement
 38897 | Spider:3 | Noticed Nikola
 38924 | Spider:3 | Killed from afar by Nikola

Illustrated notes

Levels and vault maps discovered:
D:1:      wander_arrival_estate, layout_basic
D:2:      layout_basic, uniq_crazy_yiuf_cottage
D:3:      layout_basic, ebering_ghost_sewer_f, serial_shops, shop,
          minmay_surrounded
D:4:      layout_loops_ring, minmay_temple_entry_junction, serial_shops, shop
D:5:      layout_cave_pools, mainiacjoe_overflow_24_doors, lemuel_round_altar,
          abandoned_shop
D:6:      lemuel_ratsnest, layout_loops_ring, uniq_eustachio, uniq_edmund
D:7:      layout_loops_cross
D:8:      layout_layer_cave, mainiacjoe_overflow_catwalk, minitemple,
          minmay_diced_spiral, uniq_maurice
D:9:      layout_loops_ring, lair_entry_dummy, hiddenorc1_lemuel,
          nzn_life_drinkers
D:10:     layout_roguey, kennysheep_generic_room_12
D:11:     layout_stronghold, uniq_harold, uniq_urug, uniq_josephine
D:12:     layout_basic
D:13:     layout_long_grid, david_vaults_1
D:14:     layout_loops_cross, uniq_jorgrun
D:15:     grunt_enter_depths_snipers, layout_stronghold,
          minmay_misc_feat_encased
Temple:   minmay_temple_bridge_d
Lair:1:   layout_concentric_octagons, uniq_erica
Lair:2:   layout_cave_shapes, basic_altar
Lair:3:   layout_long_grid, nicolae_shoals_entry_roost,
          hellmonk_spider_entry_life_and_decay, gauntlet_entry_generic,
          serial_bayou_pond_e
Lair:4:   statuecave_lemuel, layout_misc_corridors, grunt_megastairs_1
Lair:5:   evilmike_catoblepas_cave, layout_cave_shapes, slime_entry_2,
          infiniplex_staircase_pool, grunt_megastairs_2
Shoals:1: layout_shoals, nicolae_shop_clearance, uniq_frances, uniq_mlioglotl
Shoals:2: layout_shoals, serial_shops, nicolae_shop_peninsula
Shoals:3: layout_shoals, serial_shops, nicolae_shop_hallway_plus
Shoals:4: shoals_end_simple, layout_shoals, serial_shops, shop
Spider:1: layout_spider_delve, worms_lemuel
Spider:2: layout_spider_delve, nicolae_spider_bzzzt, uniq_aizul
Spider:3: layout_spider_delve, uniq_nikola, uniq_arachne, uniq_kirke
Orc:1:    layout_caves, special_room [special_room_kobold], serial_shops, shop,
          david_defended_altar_orc
Orc:2:    st_orc_ogre_mass, layout_caves, basic_altar

Skill      XL: |  1  2  3  4  5  6  7  8  9 10 11 12 13 14 15 16 17 |
---------------+----------------------------------------------------+-----
Spellcasting   | 5 6 7 9 11 13 15 17 18 20 22 23 25 26 | 26.2
Fighting       | 1 2 3 4 6 7 8 9 |  9.0
Armour         | 1 2 3 4 6 8 9 |  9.0
Conjurations   | 2 3 4 6 7 8 10 11 12 13 14 15 16 | 16.2
Dodging        | 3 |  3.0
Poison Magic   | 1 |  1.0
Stealth        | 3 |  3.0
Transmutations | 1 |  1.0
Air Magic      | 1 |  1.1
Necromancy     | 1 |  1.1
Evocations     | 1 |  1.0
Fire Magic     | 1 4 6 8 10 11 12 13 14 | 14.6
Ice Magic      | 1 |  1.1
Earth Magic    | 1 2 |  2.0
Shields        | 1 |  1.2
Summonings     | |  1.1
Translocations | |  1.1

Action                     |  1- 3 |  4- 6 |  7- 9 | 10-12 | 13-15 | 16-18 || total
---------------------------+-------+-------+-------+-------+-------+-------++-------
  Melee: Dagger            |     1 |       |       |       |       |       ||     1
         War axe           |     3 |       |       |       |       |       ||     3
         Hand axe          |     3 |    38 |   229 |       |       |       ||   270
         Punch             |       |     2 |     6 |     2 |     3 |       ||    13
         Whip              |       |       |    14 |    61 |       |       ||    75
         Trident           |       |       |       |    31 |   106 |       ||   137
   Cast: Magic Dart        |    84 |   123 |   117 |    26 |    11 |       ||   361
         Mephitic Cloud    |     1 |     3 |    37 |    37 |     4 |     2 ||    84
         Call Imp          |     1 |     3 |    10 |     4 |       |       ||    18
         Blink             |       |     2 |     2 |     4 |     3 |     2 ||    13
         Irradiate         |       |       |     5 |    15 |    18 |     6 ||    44
         Freezing Cloud    |       |       |       |    23 |    31 |       ||    54
         Ignite Poison     |       |       |       |    16 |       |       ||    16
         Fireball          |       |       |       |    93 |   366 |   296 ||   755
         Iskenderun's Batt |       |       |       |     3 |     3 |       ||     6
         Orb of Destructio |       |       |       |       |     5 |     4 ||     9
         Bombard           |       |       |       |       |     6 |    13 ||    19
         Starburst         |       |       |       |       |     4 |    21 ||    25
  Evoke: Wand              |       |       |       |     4 |       |       ||     4
    Use: Scroll            |       |       |       |       |    17 |     9 ||    26
         Potion            |       |       |       |       |       |     1 ||     1
   Stab: Sleeping          |     1 |       |       |     1 |       |       ||     2
         Confused          |     1 |     3 |    21 |     4 |     2 |       ||    31
         Distracted        |       |     1 |       |       |       |       ||     1
 Armour: Robe              |    10 |    39 |    71 |       |       |       ||   120
         Steam dragon scal |       |       |    97 |   100 |       |       ||   197
         Acid dragon scale |       |       |       |     2 |    57 |       ||    59
         Quicksilver drago |       |       |       |       |   135 |    26 ||   161
         Leather armour    |       |       |       |       |       |    70 ||    70
  Dodge: Dodged            |     7 |    36 |   177 |    88 |    99 |    56 ||   463

Table legend: (Time is in decaauts)
 A = Elapsed time spent in this place.
 B = Non-inter-level travel time spent in this place.
 C = Inter-level travel time spent in this place.
 D = Time resting spent in this place.
 E = Time spent auto-exploring this place.
 F = Levels seen in this place.
 G = Mean time per level.
                   A        B        C        D        E       F      G
               +--------+--------+--------+--------+--------+-----+--------+
         Total |  39174 |  34888 |   4286 |   2488 |  27358 |  31 | 1263.7 |
       Dungeon |  21076 |  18310 |   2766 |    937 |  14906 |  15 | 1405.1 |
        Temple |    272 |    118 |    154 |      0 |      0 |   1 |  272.0 |
          Lair |   7327 |   6478 |    849 |    796 |   4798 |   5 | 1465.4 |
        Shoals |   5409 |   5129 |    280 |    344 |   4280 |   4 | 1352.2 |
   Spider Nest |   2424 |   2267 |    157 |     20 |   1907 |   3 |  808.0 |
  Orcish Mines |   2001 |   1922 |     79 |    391 |   1253 |   2 | 1000.5 |
      Gauntlet |    663 |    663 |      0 |      0 |    213 |   1 |  663.0 |
               +--------+--------+--------+--------+--------+-----+--------+

Top non-repeatable levels by time:
    D:11: 1920 daAuts
    D:13: 1731 daAuts
     D:6: 1714 daAuts
     D:8: 1667 daAuts
  Lair:5: 1665 daAuts
    D:12: 1600 daAuts
     D:9: 1591 daAuts
  Lair:4: 1590 daAuts
Shoals:1: 1525 daAuts
Spider:1: 1482 daAuts
  Lair:3: 1482 daAuts
     D:7: 1409 daAuts
Shoals:2: 1401 daAuts
     D:5: 1394 daAuts
    D:15: 1383 daAuts
